 Dungeon Crawl Stone Soup version 0.22-a0-305-gd21a89c (webtiles) character file.

374 galech the Bolt Thrower (level 6, -2/51 HPs)
             Began as a Centaur Hunter on Mar 30, 2018.
             Killed by divine providence
             ... invoked by an orc priest
              (12 damage)
             ... on level 3 of the Dungeon.
             The game lasted 00:03:42 (1395 turns).

galech the Bolt Thrower (Centaur Hunter)            Turns: 1395, Time: 00:03:43

Health: -2/51      AC:  5    Str: 14    XL:     6   Next: 43%
Magic:  6/6        EV:  6    Int: 10    God:
Gold:   115        SH:  7    Dex: 12    Spells: 5/5 levels left

rFire    . . .     SeeInvis .   a - +1 hand crossbow
rCold    . . .     Gourm    .   r - +0 shield
rNeg     . . .     Faith    +   c - +0 leather armour
rPois    .         Spirit   .   y - +0 hat
rElec    .         Reflect  .   (no cloak)
rCorr    .         Harm     .   k - +0 pair of gloves
MR       .....                  (no barding)
Stlth    +.........             x - amulet of faith
HPRegen  0.17/turn              (no ring)
MPRegen  0.10/turn              (no ring)

@: very quick
A: large, hooves 3, deformed body, speed 2, tough skin 3
a: no special abilities


You were on level 3 of the Dungeon.
You were not hungry.

You visited 1 branch of the dungeon, and saw 3 of its levels.

You collected 115 gold pieces.

Inventory:

Hand Weapons
 a - a +1 hand crossbow (weapon)
 b - a +0 short sword
Missiles
 d - 20 bolts (quivered)
Armour
 c - a +0 leather armour (worn)
 k - a +0 pair of gloves (worn)
 r - a +0 shield (worn)
 v - a +0 plate armour
 y - a +0 hat (worn)
Jewellery
 x - an amulet of faith (around neck)
Scrolls
 e - a scroll of fear {unknown}
 j - a scroll of fog {unknown}
 m - a scroll of blinking {unknown}
 p - a scroll of remove curse
 q - a scroll of enchant armour {unknown}
 t - 2 scrolls of identify {unknown}
Potions
 g - a potion of resistance {unknown}
 h - a potion of mutation {unknown}
 i - 3 potions of curing {unknown}
 l - a potion of flight {unknown}
 n - a potion of cancellation {unknown}
 o - a potion of invisibility {unknown}
 u - a potion of might {unknown}
Comestibles
 f - 4 rations
 w - a chunk of flesh


   Skills:
 + Level 3.1 Fighting
 + Level 7.6 Crossbows
 + Level 1.2 Armour
 + Level 1.6 Dodging
 + Level 0.5 Stealth


You had 5 spell levels left.
You didn't know any spells.

Dungeon Overview and Level Annotations

Branches:
Dungeon (3/15)

Altars:
Fedhas
Beogh


Innate Abilities, Weirdness & Mutations

You have hooves in place of feet.
Armour fits poorly on your strangely shaped body.
You cover ground very quickly.
You have extremely tough skin. (AC +3)


Message History

The magic dart hits you!
* * * LOW HITPOINT WARNING * * *
You are too injured to fight recklessly!
You are too injured to fight recklessly!
You are too injured to fight recklessly!
You are too injured to fight recklessly!
Firing (i - inventory)
d - 21 bolts (quivered)
Press: ? - help, Shift-Dir - straight line, f/p - orc wizard
Aim: an orc wizard, wielding an enchanted dagger and wearing a robe (heavily wounded, fast)
You shoot a bolt. The bolt closely misses the orc wizard.
The orc wizard casts a spell at you. The magic dart hits you!
* * * LOW HITPOINT WARNING * * *
The orc priest begins to cast a cantrip, but forgets the words!
You block the orc's attack.
The orc wizard points at you and mumbles some strange words.
The magic dart hits you! The orc barely misses you.
The orc priest calls down the wrath of Beogh upon you.
Beogh smites you!
You die...

...##.$$### #...## #.#
...#.8$8.######.#..# #.#
...#_$$o.'(.(...#..## #.#
...#.8.8.#......#...# #.#
...##.$o##.)o..(#..># #.#
+########..o.o..#.#.####.###
#.........o.#..........#
##.....####.###.####.#.#
#.."..# #.@...# #.#.#
#.....# ##########.#.#
####### #......#.#
#.######.# #####.######.#
#............#
#.###.######## #.# #.#
#.###.#


You could see an orc priest, an orc wizard and 2 orcs.

Vanquished Creatures
  Sigmund (D:2)
  An ogre (D:3)
  An orc wizard (D:3)
  Jessica (D:2)
  2 adders (D:2)
  A worm (D:2)
  A dart slug (D:1)
  An orc (D:3)
  2 giant cockroaches (D:2)
  4 goblins
  10 hobgoblins
  3 jackals (D:1)
  A ball python (D:2)
  6 bats
  6 frilled lizards
  8 kobolds
  5 rats
54 creatures vanquished.

Notes
Turn   | Place    | Note
-------+----------+-------------------------------------------
     0 | D:1      | galech the Centaur Hunter began the quest for the Orb.
     0 | D:1      | Reached XP level 1. HP: 17/17 MP: 1/1
   135 | D:1      | Reached XP level 2. HP: 24/24 MP: 2/2
   187 | D:1      | Reached skill level 5 in Crossbows
   629 | D:2      | Reached XP level 3. HP: 29/29 MP: 3/3
   649 | D:2      | Found a blossoming altar of Fedhas.
   679 | D:2      | Noticed Sigmund
   685 | D:2      | Killed Sigmund
   685 | D:2      | Reached skill level 6 in Crossbows
   685 | D:2      | Reached XP level 4. HP: 37/37 MP: 4/4
   685 | D:2      | Reached XP level 5. HP: 44/44 MP: 5/5
   740 | D:2      | Reached skill level 1 in Armour
   796 | D:2      | Noticed Jessica
   798 | D:2      | Killed Jessica
   803 | D:2      | Reached skill level 7 in Crossbows
  1233 | D:3      | Noticed an ogre
  1238 | D:3      | Killed an ogre
  1238 | D:3      | Reached XP level 6. HP: 51/51 MP: 6/6
  1378 | D:3      | Found a roughly hewn altar of Beogh.
  1395 | D:3      | Killed from afar by an orc priest

Vault maps used:
D:1:      lightli_arrival_statue_moat, hangedman_decor_riveting
D:2:      fedhas_altar_1, uniq_sigmund, uniq_jessica
D:3:      kennysheep_orc_chapel

Skill      XL: |  1  2  3  4  5 |
---------------+----------------+-----
Crossbows      | 5 6 7 |  7.6
Armour         | 1 |  1.2
Fighting       | 3 |  3.1
Dodging        | |  1.6
Stealth        | |  0.5

Action                   |  1- 3 |  4- 6 || total
-------------------------+-------+-------++-------
 Fire: Hand crossbow     |    56 |    54 ||   110
  Use: Scroll            |       |     1 ||     1
Armor: Leather armour    |     2 |     5 ||     7
Dodge: Dodged            |     3 |    14 ||    17
Block: Shield            |       |     8 ||     8

Table legend:
 A = Spawn XP
 B = Non-spawn XP
 C = Spawn XP percentage of total XP
 D = Spawn monster count
 E = Non-spawn monster count
 F = Spawn count percentage of total count
 G = Total turns spent on level
                    A         B        C        D         E        F      G
               +---------+---------+-------+---------+---------+-------+---------
         Total |       0 |     535 |   0.0 |       0 |      54 |   0.0 |  1395
               +---------+---------+-------+---------+---------+-------+---------
           D:1 |       0 |      39 |   0.0 |       0 |      25 |   0.0 |   625
           D:2 |       0 |     316 |   0.0 |       0 |      20 |   0.0 |   443
           D:3 |       0 |     180 |   0.0 |       0 |       9 |   0.0 |   327
               +---------+---------+-------+---------+---------+-------+---------
